| TOP OF THE 1ST |
|
Raleigh-Durham Capitals batting - Pitching for Lynchburg Hillcats : RHP Dave Szymczak
|
|
Pitching: RHP Dave Szymczak
|
|
|
Batting: RHB Luis Brito
|
0-0: Ball 1-0: Ball 2-0: Called Strike 2-1: SINGLE (Groundball, 6MD, EV 105.6 MPH)
|
|
Batting: RHB Bobby Supel
|
0-0: Ball 1-0: Ball 2-0: Called Strike 2-1: Fly out, F8 (Flyball, 89XD, EV 103.1 MPH)
|
|
Batting: LHB Dwight Taylor
|
0-0: Called Strike 0-1: Ball 1-1: Ball 2-1: Foul Ball, location: 2F 2-2: Fly out, F7 (Flyball, 78M, EV 86.9 MPH)
|
|
Batting: RHB Christopher Barbone
|
0-0: Ball 1-0: Ball 2-0: Ball 3-0: Called Strike 3-1: Base on Balls Luis Brito to second
|
|
Batting: RHB Tony Camara
|
0-0: Called Strike 0-1: Fly out, F8 (Flyball, 8LD, EV 101.9 MPH)
|
| Top of the 1st over - 0 runs, 1 hit, 0 errors, 2 left on base; Raleigh-Durham 0 - Lynchburg 0 |
| BOTTOM OF THE 1ST |
|
Lynchburg Hillcats batting - Pitching for Raleigh-Durham Capitals : RHP Allen Wesolowski
|
|
Pitching: RHP Allen Wesolowski
|
|
|
Batting: RHB Ronald Lee
|
0-0: Reached on error, E6 (Groundball, 6, EV 89.4 MPH)
|
|
Batting: RHB Russ Quetti
|
0-0: Ball 1-0: Ball 2-0: Fly out, F9 (Flyball, 9LS, EV 86.3 MPH)
|
|
Batting: RHB William Lajoie
|
0-0: Fly out, F7 (Flyball, 78S, EV 89.4 MPH)
|
|
Batting: RHB Richard Witt
|
0-0: Ball 1-0: Ball 2-0: SINGLE (Groundball, 13, EV 87.5 MPH) (infield hit) Ronald Lee to second
|
|
Batting: RHB Kenneth Tillman
|
0-0: Swinging Strike 0-1: Swinging Strike 0-2: Hit by Pitch Ronald Lee to third Richard Witt to second
|
|
Batting: RHB Curtis Cannedy
|
0-0: Swinging Strike 0-1: Ball 1-1: Ball 2-1: Ball 3-1: Base on Balls Ronald Lee scores Richard Witt to third Kenneth Tillman to second
|
|
Batting: RHB Frederic Wade
|
0-0: Swinging Strike 0-1: Ball 1-1: Foul Ball, location: 2F 1-2: Ball 2-2: Strikes out swinging
|
| Bottom of the 1st over - 1 run, 1 hit, 1 error, 3 left on base; Raleigh-Durham 0 - Lynchburg 1 |
| TOP OF THE 2ND |
|
Raleigh-Durham Capitals batting - Pitching for Lynchburg Hillcats : RHP Dave Szymczak
|
|
Batting: LHB Richard Kelly
|
0-0: Ball 1-0: Swinging Strike 1-1: Ball 2-1: Ball 3-1: Fly out, F7 (Line Drive, 7D, EV 89.4 MPH)
|
|
Batting: RHB Kevin MacDonald
|
0-0: Ball 1-0: Foul Ball, location: 2F 1-1: Ball 2-1: Ball 3-1: Base on Balls
|
|
Batting: LHB Donald Jamerson
|
0-0: Called Strike 0-1: Foul Ball, location: 2F 0-2: Reached on error, E4 (Groundball, 4, EV 81.9 MPH) Kevin MacDonald to second
|
|
Batting: RHB Marshall Burk
|
0-0: Ball 1-0: Fly out, F7 (Line Drive, 7, EV 96.9 MPH)
|
|
Batting: RHB Luis Brito
|
0-0: Ground out 4-3 (Groundball, 4, EV 106.9 MPH)
|
| Top of the 2nd over - 0 runs, 0 hits, 1 error, 2 left on base; Raleigh-Durham 0 - Lynchburg 1 |
| BOTTOM OF THE 2ND |
|
Lynchburg Hillcats batting - Pitching for Raleigh-Durham Capitals : RHP Allen Wesolowski
|
|
Batting: LHB Eb MacDonald
|
0-0: Called Strike 0-1: Ball 1-1: Swinging Strike 1-2: Ball 2-2: Strikes out swinging
|
|
Batting: RHB Felix Estrada
|
0-0: Ball 1-0: Ball 2-0: Ball 3-0: Called Strike 3-1: Base on Balls
|
|
Batting: RHB Ronald Lee
|
0-0: Ball 1-0: Called Strike 1-1: Ball 2-1: Ball 3-1: Grounds into double play, 5-4-3 (Groundball, 5, EV 76.9 MPH)
|
| Bottom of the 2nd over - 0 runs, 0 hits, 0 errors, 0 left on base; Raleigh-Durham 0 - Lynchburg 1 |
| TOP OF THE 3RD |
|
Raleigh-Durham Capitals batting - Pitching for Lynchburg Hillcats : RHP Dave Szymczak
|
|
Batting: RHB Bobby Supel
|
0-0: Ball 1-0: Ball 2-0: Called Strike 2-1: Foul Ball, location: 2F 2-2: SINGLE (Flyball, 89S, EV 88.8 MPH)
|
|
Batting: LHB Dwight Taylor
|
0-0: Called Strike 0-1: Ball 1-1: Ball 2-1: Foul Ball, location: 2F 2-2: Foul Ball, location: 2F 2-2: Strikes out swinging
|
|
Batting: RHB Christopher Barbone
|
0-0: Ball 1-0: Swinging Strike 1-1: Ball 2-1: Ball 3-1: Base on Balls Bobby Supel to second
|
|
Batting: RHB Tony Camara
|
0-0: Called Strike Bobby Supel steals 3rd base Christopher Barbone to second 0-1: Ball 1-1: Called Strike 1-2: Foul Ball, location: 2F 1-2: DOUBLE (Line Drive, 7LM, EV 102.5 MPH) Bobby Supel scores Christopher Barbone scores
|
|
Batting: LHB Richard Kelly
|
0-0: Fly out, F3 (Line Drive, 3, EV 71.3 MPH)
|
|
Batting: RHB Kevin MacDonald
|
0-0: Ground out 5-3 (Groundball, 5S, EV 82.5 MPH)
|
| Top of the 3rd over - 2 runs, 2 hits, 0 errors, 1 left on base; Raleigh-Durham 2 - Lynchburg 1 |
| BOTTOM OF THE 3RD |
|
Lynchburg Hillcats batting - Pitching for Raleigh-Durham Capitals : RHP Allen Wesolowski
|
|
Batting: RHB Russ Quetti
|
0-0: Ball 1-0: Fly out, F9 (Flyball, 89M, EV 91.9 MPH)
|
|
Batting: RHB William Lajoie
|
0-0: Foul Ball, location: 2F 0-1: Fly out, F4 (Popup, 3D, EV 76.3 MPH)
|
|
Batting: RHB Richard Witt
|
0-0: Ball 1-0: Foul Ball, location: 2F 1-1: Called Strike 1-2: Ball 2-2: Foul Ball, location: 2F 2-2: Foul Ball, location: 2F 2-2: Ball 3-2: Fly out, F9 (Flyball, 9S, EV 76.9 MPH)
|
| Bottom of the 3rd over - 0 runs, 0 hits, 0 errors, 0 left on base; Raleigh-Durham 2 - Lynchburg 1 |
| TOP OF THE 4TH |
|
Raleigh-Durham Capitals batting - Pitching for Lynchburg Hillcats : RHP Dave Szymczak
|
|
Batting: LHB Donald Jamerson
|
0-0: Foul Ball, location: 2F 0-1: Ball 1-1: Called Strike 1-2: Ball 2-2: Fly out, F9 (Line Drive, 9D, EV 105.6 MPH)
|
|
Batting: RHB Marshall Burk
|
0-0: Ball 1-0: Called Strike 1-1: Fly out, F6 (Popup, 6MD, EV 48.1 MPH)
|
|
Batting: RHB Luis Brito
|
0-0: Foul Ball, location: 2F 0-1: Called Strike 0-2: Ball 1-2: Strikes out looking
|
| Top of the 4th over - 0 runs, 0 hits, 0 errors, 0 left on base; Raleigh-Durham 2 - Lynchburg 1 |
| BOTTOM OF THE 4TH |
|
Lynchburg Hillcats batting - Pitching for Raleigh-Durham Capitals : RHP Allen Wesolowski
|
|
Batting: RHB Kenneth Tillman
|
0-0: Fly out, F9 (Flyball, 9D, EV 95.0 MPH)
|
|
Batting: RHB Curtis Cannedy
|
0-0: Ball 1-0: Foul Ball, location: 2F 1-1: Ball 2-1: Foul Ball, location: 2F 2-2: Reached on error, E5 (Groundball, 5, EV 86.3 MPH)
|
|
Batting: RHB Frederic Wade
|
0-0: Called Strike 0-1: Swinging Strike 0-2: Strikes out swinging
|
|
Batting: LHB Eb MacDonald
|
0-0: Hit by Pitch Curtis Cannedy to second
|
|
Pinch Runner at 1st Stanley Cannon:
|
|
|
Batting: RHB Felix Estrada
|
0-0: Swinging Strike 0-1: Foul Ball, location: 2F 0-2: Ball 1-2: Strikes out looking
|
| Bottom of the 4th over - 0 runs, 0 hits, 1 error, 2 left on base; Raleigh-Durham 2 - Lynchburg 1 |
| TOP OF THE 5TH |
|
Raleigh-Durham Capitals batting - Pitching for Lynchburg Hillcats : RHP Dave Szymczak
|
|
Now at C: Everett Rey
|
|
|
Batting: RHB Bobby Supel
|
0-0: Called Strike 0-1: Ball 1-1: Ball 2-1: Swinging Strike 2-2: Ground out 4-3 (Groundball, 4M, EV 80.6 MPH)
|
|
Batting: LHB Dwight Taylor
|
0-0: Ground out 6-3 (Groundball, 6M, EV 83.1 MPH)
|
|
Batting: RHB Christopher Barbone
|
0-0: Ball 1-0: Ball 2-0: Ball 3-0: Base on Balls
|
|
Batting: RHB Tony Camara
|
0-0: Ball 1-0: Swinging Strike 1-1: Foul Ball, location: 2F 1-2: Ball 2-2: Ground out 4-3 (Groundball, 34, EV 94.4 MPH)
|
| Top of the 5th over - 0 runs, 0 hits, 0 errors, 1 left on base; Raleigh-Durham 2 - Lynchburg 1 |
| BOTTOM OF THE 5TH |
|
Lynchburg Hillcats batting - Pitching for Raleigh-Durham Capitals : RHP Allen Wesolowski
|
|
Batting: RHB Ronald Lee
|
0-0: Called Strike 0-1: Ball 1-1: Called Strike 1-2: Ball 2-2: Strikes out swinging
|
|
Batting: RHB Russ Quetti
|
0-0: Foul Ball, location: 2F 0-1: Swinging Strike 0-2: Ball 1-2: SINGLE (Line Drive, 78S, EV 91.3 MPH)
|
|
Batting: RHB William Lajoie
|
0-0: Foul Ball, location: 2F 0-1: Fly out, F8 (Line Drive, 8LD, EV 89.4 MPH)
|
|
Batting: RHB Richard Witt
|
0-0: Swinging Strike 0-1: Ball 1-1: Ball Russ Quetti steals 2nd base 2-1: Called Strike 2-2: Foul Ball, location: 2F 2-2: Ball 3-2: Strikes out swinging
|
| Bottom of the 5th over - 0 runs, 1 hit, 0 errors, 1 left on base; Raleigh-Durham 2 - Lynchburg 1 |
| TOP OF THE 6TH |
|
Raleigh-Durham Capitals batting - Pitching for Lynchburg Hillcats : RHP Dave Szymczak
|
|
Batting: LHB Richard Kelly
|
0-0: Ball 1-0: Ball 2-0: Foul Ball, location: 2F 2-1: Ball 3-1: Foul Ball, location: 2F 3-2: Ground out U3 (Groundball, 3L, EV 86.3 MPH)
|
|
Batting: RHB Kevin MacDonald
|
0-0: Ball 1-0: Ball 2-0: Ball 3-0: Base on Balls
|
|
Batting: LHB Donald Jamerson
|
0-0: Fly out, F9 (Line Drive, 9, EV 83.8 MPH)
|
|
Batting: RHB Marshall Burk
|
0-0: Fielders Choice at 2nd, U6 (Groundball, 6M, EV 84.4 MPH)
|
| Top of the 6th over - 0 runs, 0 hits, 0 errors, 1 left on base; Raleigh-Durham 2 - Lynchburg 1 |
| BOTTOM OF THE 6TH |
|
Lynchburg Hillcats batting - Pitching for Raleigh-Durham Capitals : RHP Allen Wesolowski
|
|
Batting: RHB Kenneth Tillman
|
0-0: Ball 1-0: Ball 2-0: Called Strike 2-1: Swinging Strike 2-2: Ball 3-2: Strikes out swinging
|
|
Batting: RHB Curtis Cannedy
|
0-0: Ball 1-0: Reached on error, E6 (Groundball, 6M, EV 83.8 MPH)
|
|
Batting: RHB Frederic Wade
|
0-0: Ball 1-0: Foul Ball, location: 2F 1-1: Ball 2-1: Foul Ball, location: 2F 2-2: Strikes out looking
|
|
Batting: RHB Everett Rey
|
0-0: DOUBLE (Line Drive, 7LS, EV 101.3 MPH) Curtis Cannedy to third
|
|
Batting: RHB Felix Estrada
|
0-0: Fly out, F8 (Line Drive, 8RM, EV 93.8 MPH)
|
| Bottom of the 6th over - 0 runs, 1 hit, 1 error, 2 left on base; Raleigh-Durham 2 - Lynchburg 1 |
| TOP OF THE 7TH |
|
Raleigh-Durham Capitals batting - Pitching for Lynchburg Hillcats : RHP Dave Szymczak
|
|
Batting: RHB Luis Brito
|
0-0: Foul Ball, location: 2F 0-1: Ball 1-1: Ball 2-1: Ball 3-1: Called Strike 3-2: Base on Balls
|
|
Batting: RHB Bobby Supel
|
0-0: Called Strike 0-1: Swinging Strike 0-2: Strikes out swinging
|
|
Batting: LHB Dwight Taylor
|
0-0: Ball 1-0: SINGLE (Line Drive, 89M, EV 91.3 MPH) Luis Brito to second Runner from 2nd tries for 3rd, SAFE, no throw by CF
|
|
Batting: RHB Christopher Barbone
|
0-0: Ball 1-0: Ball 2-0: Called Strike 2-1: Ball 3-1: Foul Ball, location: 2F 3-2: Base on Balls Dwight Taylor to second
|
|
Batting: RHB Tony Camara
|
0-0: Ball 1-0: Ball 2-0: Swinging Strike 2-1: Foul Ball, location: 2F 2-2: Ball 3-2: Fly out, F8 (Flyball, 8RM, EV 92.5 MPH) Runner from 3rd tags up, SCORES, no throw by CF
|
|
Pitching: LHP Bishwajeet Lopez
|
|
|
Batting: LHB Richard Kelly
|
0-0: Fly out, F7 (Flyball, 7, EV 91.9 MPH)
|
| Top of the 7th over - 1 run, 1 hit, 0 errors, 2 left on base; Raleigh-Durham 3 - Lynchburg 1 |
| BOTTOM OF THE 7TH |
|
Lynchburg Hillcats batting - Pitching for Raleigh-Durham Capitals : RHP Allen Wesolowski
|
|
Batting: RHB Ronald Lee
|
0-0: Ball 1-0: Ground out 6-3 (Groundball, 6, EV 79.4 MPH)
|
|
Batting: RHB Russ Quetti
|
0-0: Ball 1-0: SINGLE (Line Drive, 34D, EV 96.3 MPH)
|
|
Batting: RHB William Lajoie
|
0-0: Foul Ball, location: 2F 0-1: Fly out, F9 (Flyball, 9LS, EV 88.1 MPH)
|
|
Batting: RHB Richard Witt
|
0-0: Reached on error, E6 (Groundball, 6, EV 88.1 MPH) Russ Quetti to second
|
|
Batting: RHB Kenneth Tillman
|
0-0: Called Strike 0-1: Ball 1-1: Ball 2-1: Ball 3-1: Fly out, F9 (Flyball, 9D, EV 81.3 MPH)
|
| Bottom of the 7th over - 0 runs, 1 hit, 1 error, 2 left on base; Raleigh-Durham 3 - Lynchburg 1 |
| TOP OF THE 8TH |
|
Raleigh-Durham Capitals batting - Pitching for Lynchburg Hillcats : LHP Bishwajeet Lopez
|
|
Pitching: RHP Kevin Richards
|
|
|
Batting: RHB Kevin MacDonald
|
0-0: Ball 1-0: Foul Ball, location: 2F 1-1: Fly out, F7 (Line Drive, 7D, EV 101.3 MPH)
|
|
Batting: LHB Donald Jamerson
|
0-0: SINGLE (Line Drive, 89S, EV 113.8 MPH)
|
|
Batting: RHB Marshall Burk
|
0-0: Called Strike 0-1: Ball 1-1: Ball 2-1: DOUBLE (Line Drive, 9LM, EV 103.8 MPH) Donald Jamerson to third
|
|
Batting: RHB Luis Brito
|
0-0: Ball 1-0: Ball 2-0: Ball 3-0: Called Strike 3-1: Called Strike 3-2: Strikes out swinging
|
|
Batting: RHB Bobby Supel
|
0-0: Swinging Strike 0-1: Ball 1-1: Foul Ball, location: 2F 1-2: Ball 2-2: Strikes out swinging
|
| Top of the 8th over - 0 runs, 2 hits, 0 errors, 2 left on base; Raleigh-Durham 3 - Lynchburg 1 |
| BOTTOM OF THE 8TH |
|
Lynchburg Hillcats batting - Pitching for Raleigh-Durham Capitals : RHP Allen Wesolowski
|
|
Batting: RHB Curtis Cannedy
|
0-0: Called Strike 0-1: Foul Ball, location: 2F 0-2: Ground out 5-3 (Groundball, 56S, EV 70.6 MPH)
|
|
Batting: RHB Frederic Wade
|
0-0: Ball 1-0: SINGLE (Groundball, 34D, EV 100.0 MPH)
|
|
Batting: RHB Everett Rey
|
0-0: Ball 1-0: Called Strike 1-1: Ball 2-1: Fly out, F6 (Popup, 56, EV 67.5 MPH)
|
|
Batting: RHB Felix Estrada
|
0-0: Called Strike 0-1: Called Strike 0-2: Strikes out swinging
|
| Bottom of the 8th over - 0 runs, 1 hit, 0 errors, 1 left on base; Raleigh-Durham 3 - Lynchburg 1 |
| TOP OF THE 9TH |
|
Raleigh-Durham Capitals batting - Pitching for Lynchburg Hillcats : RHP Kevin Richards
|
|
Batting: LHB Dwight Taylor
|
0-0: Ball 1-0: Called Strike 1-1: Swinging Strike 1-2: Strikes out looking
|
|
Batting: RHB Christopher Barbone
|
0-0: Ball 1-0: Called Strike 1-1: Ball 2-1: Called Strike 2-2: Foul Ball, location: 2F 2-2: Strikes out swinging
|
|
Batting: RHB Tony Camara
|
0-0: Ball 1-0: Ball 2-0: Foul Ball, location: 2F 2-1: Foul Ball, location: 2F 2-2: SINGLE (Groundball, 6MD, EV 103.1 MPH)
|
|
Batting: LHB Richard Kelly
|
0-0: Ball 1-0: Ball 2-0: Called Strike 2-1: Ball 3-1: Base on Balls Tony Camara to second
|
|
Pitching: RHP Paul Steets
|
|
|
Batting: RHB Kevin MacDonald
|
0-0: Ball 1-0: Foul Ball, location: 2F 1-1: Ball 2-1: Called Strike 2-2: Foul Ball, location: 2F 2-2: Ball 3-2: Foul Ball, location: 2F 3-2: Ground out 6-3 (Groundball, 6, EV 80.6 MPH)
|
| Top of the 9th over - 0 runs, 1 hit, 0 errors, 2 left on base; Raleigh-Durham 3 - Lynchburg 1 |
| BOTTOM OF THE 9TH |
|
Lynchburg Hillcats batting - Pitching for Raleigh-Durham Capitals : RHP Allen Wesolowski
|
|
Pitching: LHP Randall Binkley
|
|
|
Now in LF: Bobby Bloodsaw
|
|
|
Batting: RHB Ronald Lee
|
0-0: Ball 1-0: Fly out, F3 (Popup, 23F, EV 91.3 MPH)
|
|
Batting: RHB Russ Quetti
|
0-0: Called Strike 0-1: Swinging Strike 0-2: Foul Ball, location: 2F 0-2: Fly out, F3 (Popup, 3, EV 80.0 MPH)
|
|
Batting: RHB William Lajoie
|
0-0: Ball 1-0: Foul Ball, location: 2F 1-1: Fly out, F8 (Flyball, 78D, EV 89.4 MPH)
|
| Bottom of the 9th over - 0 runs, 0 hits, 0 errors, 0 left on base; Raleigh-Durham 3 - Lynchburg 1 |
|